 Dungeon Crawl Stone Soup version 0.26.1-11-gd32895ea62 (webtiles) character file.

Game seed: 4441439998574162657

434581 quackenbush666 the Warrior (level 22, -5/234 HPs)
             Began as a Demonspawn Gladiator on July 17, 2021.
             Was an Elder of Cheibriados.
             Slain by a stone giant (9 damage)
             ... while paralysed by a floating eye
             ... on level 3 of the Depths on July 18, 2021.
             The game lasted 01:25:05 (48891 turns).

quackenbush666 the Warrior (Demonspawn Gladiator)  Turns: 48891, Time: 01:25:05

Health: -5/234     AC: 33    Str: 25    XL:     22   Next: 90%
Magic:  32/38      EV:  2    Int: 26    God:    Cheibriados [****..]
Gold:   2766       SH:  0    Dex: 25    Spells: 27/45 levels left

rFire    + . .     SeeInvis +   b - +8 demon blade (freeze)
rCold    + + .     Faith    .   W - +0 kite shield of Wu Jian's Pride {+Blink +Fly Will+ Int-3}
rNeg     + . .     Spirit   .   (armour currently unavailable)
rPois    ∞         Reflect  +   q - +2 helmet {SInv}
rElec    +         Harm     .   D - scarf {repulsion}
rCorr    .         Rampage  .   (gloves currently unavailable)
Will     +++..                  (boots currently unavailable)
Stlth    ++++......             y - amulet of reflection
HPRegen  0.49/turn              R - ring of Setzav {+Fly Will+ Int+3 Stlth+}
MPRegen  0.26/turn              s - ring "Wus Duik" {Wiz rElec rC++ Slay+3}

@: paralysed, statue-form, studying Necromancy, repel missiles, very slow
A: talons 2, slimy green scales 3, fire resistance 1, foul stench 1, spiny 2,
augmentation 1, miasma immunity, MP-powered wands
}: 2/15 runes: barnacled, gossamer
a: End Transformation, Renounce Religion, Evoke Blink, Evoke Flight, Bend Time,
Temporal Distortion, Slouch


You were on level 3 of the Depths.
You worshipped Cheibriados.
Cheibriados was greatly pleased with you.
You were a stone statue.
You visited 9 branches of the dungeon, and saw 42 of its levels.
You visited 1 bazaar.
You also visited: Trove and Gauntlet.

You collected 7784 gold pieces.
You spent 5018 gold pieces at shops.

Inventory:

Hand Weapons
 a - a +9 double sword of flaming
 b - a +8 demon blade of freezing (weapon)
Missiles
 d - 51 javelins (quivered)
 e - 4 throwing nets
 r - 11 silver javelins
Armour
 h - the +1 pair of gloves of Circular Logic (melded) {rN+ rCorr Dex+7 SInv}
   (You acquired it on level 2 of the Orcish Mines)

   It affects your dexterity (+7).
   It protects you from negative energy.
   It lets you see invisible.
   It provides partial protection from all sources of acid and corrosion.
 q - a +2 helmet of see invisible (worn)
 v - a +2 kite shield of fire resistance
 D - a scarf of repulsion (worn)
 G - the +8 orange crystal plate armour {Archmagi, Int+3 Clar}
   (You found it in a treasure trove)

   It affects your intelligence (+3).
   It protects you against confusion.
 M - the +3 leather armour of Pan-Flutes (melded) {rN+ Regen+ Int+2}
   (You bought it in a shop on level 2 of the Orcish Mines)

   It affects your intelligence (+2).
   It protects you from negative energy.
   It increases your rate of regeneration.
 W - the +0 kite shield of Wu Jian's Pride (worn) {+Blink +Fly Will+ Int-3}
   (You acquired it on level 1 of the Elven Halls)

   It affects your intelligence (-3).
   It affects your willpower, your defense against some magical effects.
   It lets you fly.
   It lets you blink.
Jewellery
 c - an uncursed amulet of guardian spirit {unknown}
 k - the ring "Jousmaz" {rN+ Int+6 SInv}
   (You took it off a deep elf annihilator on level 3 of the Elven Halls)

   [ring of intelligence]

   It affects your intelligence (+6).
   It protects you from negative energy.
   It lets you see invisible.
 m - an uncursed amulet of magic regeneration
 s - the ring "Wus Duik" (right hand) {Wiz rElec rC++ Slay+3}
   (You bought it in a shop on level 13 of the Dungeon)

   [ring of wizardry]

   It improves your spell success rate.
   It affects your accuracy and damage with ranged weapons and melee attacks
   (+3).
   It greatly protects you from cold.
   It insulates you from electricity.
 y - an amulet of reflection (around neck)
 R - the ring of Setzav (left hand) {+Fly Will+ Int+3 Stlth+}
   (You found it on level 1 of the Orcish Mines)

   [ring of flight]

   It affects your intelligence (+3).
   It affects your willpower, your defense against some magical effects.
   It lets you fly.
   It makes you more stealthy.
 V - the ring of Vunomuabapn {rF+ rC+ Dex+6}
   (You found it on level 2 of the Lair of Beasts)

   [ring of protection from fire]

   It affects your dexterity (+6).
   It protects you from fire.
   It protects you from cold.
Wands
 t - a wand of iceblast (32)
 z - a wand of acid (28)
 B - a wand of paralysis (44)
 E - a wand of enslavement (43)
 Q - a wand of digging (22)
Scrolls
 g - 5 scrolls of amnesia
 i - 18 scrolls of teleportation
 o - 8 scrolls of identify
 w - 5 scrolls of magic mapping
 A - 18 scrolls of remove curse
 C - 2 scrolls of fear
 F - 11 scrolls of immolation
 N - a scroll of silence
 P - 6 scrolls of fog
 T - 6 scrolls of blinking
 U - 3 scrolls of brand weapon
 Y - 5 scrolls of enchant armour
Potions
 f - 23 potions of curing
 j - 4 potions of flight
 l - 11 potions of heal wounds
 n - 3 potions of cancellation
 p - 5 potions of brilliance
 u - 9 potions of mutation
 x - 5 potions of invisibility
 I - 5 potions of magic
 J - 11 potions of lignification
 L - 2 potions of resistance
 X - 7 potions of ambrosia
 Z - 7 potions of might
Books
 O - a manual of Necromancy
Miscellaneous
 H - a box of beasts
 K - a phantom mirror
 S - a tin of tremorstones (1/2)


   Skills:
 + Level 16.6 Fighting
 - Level 7.0(12.3) Short Blades
 - Level 15.5(16.0) Long Blades
 - Level 8.0 Throwing
 + Level 14.0 Dodging
 - Level 3.4 Stealth
 - Level 15.0 Shields
 - Level 12.0 Spellcasting
 - Level 2.0 Translocations
 - Level 11.0 Transmutations
 + Level 12.9 Earth Magic
 - Level 12.0 Invocations
 - Level 9.0 Evocations


You had 27 spell levels left.
You knew the following spells:

 Your Spells              Type           Power        Failure   Level
a - Apportation           Tloc           52%          1%          1
c - Statue Form           Tmut/Erth      44%          1%          6
d - Blink                 Tloc           N/A          1%          2
e - Shatter               Erth           35%          99%         9

Your spell library contained the following spells:

 Spells                   Type           Power        Failure   Level
 Sandblast                Erth           100%         0%          1
 Animate Skeleton         Necr           30%          1%          1
 Beastly Appendage        Tmut           100%         1%          1
 Corona                   Hex            16%          1%          1
 Foxfire                  Conj/Fire      60%          1%          1
 Shock                    Conj/Air       60%          1%          1
 Sting                    Tmut/Pois      100%         1%          1
 Summon Small Mammal      Summ           60%          1%          1
 Passwall                 Tmut/Erth      55%          1%          2
 Wereblood                Tmut           64%          1%          2
 Gell's Gravitas          Tloc           13%          1%          3
 Ignite Poison            Fire/Tmut/Pois 34%          1%          3
 Lesser Beckoning         Tloc           13%          1%          3
 Spider Form              Tmut/Pois      22%          1%          3
 Stone Arrow              Conj/Erth      98%          1%          3
 Teleport Other           Tloc           26%          1%          3
 Ice Form                 Ice/Tmut       44%          1%          4
 Leda's Liquefaction      Hex/Erth       24%          1%          4
 Petrify                  Tmut/Erth      67%          1%          4
 Blade Hands              Tmut           32%          1%          5
 Lee's Rapid Deconstruct  Erth           35%          1%          5
 Corpse Rot               Necr/Air       N/A          2%          2
 Ensorcelled Hibernation  Hex/Ice        30%          2%          2
 Poisonous Vapours        Pois/Air       30%          2%          2
 Sublimation of Blood     Necr           7%           2%          2
 Swiftness                Air            15%          2%          2
 Portal Projectile        Hex/Tloc       40%          3%          3
 Borgnjor's Vile Clutch   Necr/Erth      24%          3%          5
 Call Canine Familiar     Summ           15%          4%          3
 Confusing Touch          Hex            15%          4%          3
 Conjure Flame            Conj/Fire      15%          4%          3
 Dazzling Flash           Conj/Hex       30%          4%          3
 Inner Flame              Hex/Fire       15%          4%          3
 Mephitic Cloud           Conj/Pois/Air  15%          4%          3
 Tukima's Dance           Hex            15%          4%          3
 Alistair's Intoxication  Tmut/Pois      29%          4%          5
 Irradiate                Conj/Tmut      22%          4%          5
 Yara's Violent Unravell  Hex/Tmut       22%          4%          5
 Passage of Golubria      Tloc           N/A          6%          4
 Bolt of Magma            Conj/Fire/Erth 18%          8%          5
 Airstrike                Air            7%           16%         4
 Fulminant Prism          Conj/Hex       7%           16%         4
 Olgreb's Toxic Radiance  Pois           15%          16%         4
 Sticky Flame             Conj/Fire      15%          16%         4
 Iron Shot                Conj/Erth      24%          16%         6
 Eringya's Noxious Bog    Tmut/Pois      22%          24%         6
 Summon Forest            Summ/Tloc      10%          26%         5
 Lightning Bolt           Conj/Air       7%           38%         5
 Metabolic Englaciation   Hex/Ice        7%           38%         5
 Conjure Ball Lightning   Conj/Air       7%           89%         6
 Freezing Cloud           Conj/Ice/Air   7%           89%         6
 Invisibility             Hex            15%          89%         6
 Lehudib's Crystal Spear  Conj/Erth      24%          99%         8
 Malign Gateway           Summ/Tloc      10%          100%        7
 Chain Lightning          Conj/Air       7%           100%        8
 Disjunction              Tloc           13%          100%        8
 Absolute Zero            Ice            7%           100%        9
 Fire Storm               Conj/Fire      7%           100%        9


Dungeon Overview and Level Annotations

Branches:
Dungeon (15/15)            Temple (1/1) D:4            Lair (6/6) D:8
 Shoals (4/4) Lair:2       Spider (4/4) Lair:3        Slime (0/5) Lair:5
    Orc (2/2) D:11            Elf (3/3) Orc:2        Vaults (4/5) D:13
  Crypt (0/3) Vaults:2     Depths (3/5) D:15        Gauntlet (visited)

Altars:
Ashenzari
Cheibriados
Dithmenos
Elyvilon
Fedhas
Gozag
Hepliaklqana
Kikubaaqudgha
Makhleb
Nemelex Xobeh
Okawaru
Qazlal
Ru
Sif Muna
Trog
Uskayaw
Vehumet
Wu Jian
Xom
Yredelemnul
Zin
The Shining One
Beogh

Shops:
D:13 =   Orc:1 [(*   Orc:2 }*?[[}   Elf:1 *   Elf:3 (   Shoals:3 (   Vaults:3 :
Depths:1 (

Portals:
Hell: Depths:1 Depths:2
Abyss: Spider:1 Depths:1
Pandemonium: Orc:2

Annotations:
D:6 2 transporters, nothank2's ghost, novice DrIE
Lair:2 exclusion: 2 oklob plants
Elf:2 3 runed translucent doors


Innate Abilities, Weirdness & Mutations

You have razor-sharp toenails.
(You are completely covered in slimy green scales. (AC +4, rPois))
You may emit foul miasma when damaged in melee.
You are mostly covered in sharp spines.
Your magical and physical power is slightly enhanced at high health.
You are immune to miasma.
Your flesh is heat resistant. (rF+)
You expend magic power (3 MP) to strengthen your wands.


Message History

A fire giant comes into view.
It is wielding a +2 great sword of flaming.
The spark wasp stings you!
* * * LOW HITPOINT WARNING * * *
The spark wasp shocks you. You resist.
* * * LOW HITPOINT WARNING * * *
The fire giant is struck by your spines.
The fire giant hits you with a +0 great sword of flaming!!
* * * LOW HITPOINT WARNING * * *
The fire giant burns you.
* * * LOW HITPOINT WARNING * * *
The glowing orange brain blinks!
The spriggan defender hits you but does no damage.
The spriggan defender looks sick.
The fire dragon breathes flames at you. The blast of flame hits you.
You resist.
* * * LOW HITPOINT WARNING * * *
The blast of flame hits the fire giant.
The fire giant resists.
The yaktaur captain hits you but does no damage.
The stone giant hits you!
You die... .# #.###.#p#### .# #. ..#).? .### .# .... ##$ #.# .#(#..# .## #. .# .#.#... .# ##.###CO... .# #.uDCeCKO. .# #!.VpCiG#

.. ##..GCDi##
.# #.[WeC8Dc#
.#
#.#:..cCyQ...#
.#
...#..D#O.##C..
.# . ..### .##
. .. .$. .# .#
.. .# .# . ..
.# .. .#


You could see a shadow dragon, an iron dragon, a frost giant, 4 fire giants, a
fire dragon (catching breath, sick), an ice dragon, 3 stone giants, 2 yaktaur
captains, a vampire knight, a deep elf annihilator, a spriggan defender (sick),
a green ugly thing, a spark wasp, a deep elf sorcerer, a flayed ghost, a tengu
warrior, a glowing orange brain, a two-headed ogre, an ogre mage, a spriggan air
mage (repels missiles), a wizard, a big kobold, an ogre and a floating eye
(charged).

Vanquished Creatures
  Sojobo (Vaults:3)
  Nikola (Depths:1)
  the Enchantress (Depths:3)
  A profane servitor (Spider:1)
  Arachne (Spider:2)
  The ghost of Zosacw the Slingshot, an adept HaHu of Okawaru (Spider:1)
  Jorgrun (Spider:1)
  Rupert (Orc:1)
  2 tentacled monstrosities (Depths:2)
  2 deep elf blademasters (Elf:3)
  The ghost of SpoonFarmer the Tortoise, an adept MiFi of the Shining One (Shoals:4)
  Asterion (Depths:1)
  2 deep elf master archers (Elf:3)
  Frances (Shoals:1)
  A sphinx (shapeshifter) (Vaults:4)
  Polyphemus (Shoals:4)
  A sphinx (Vaults:4)
  The ghost of porpoise the Fencer, an adept HaWn of Fedhas (Shoals:1)
  4 tengu reavers
  Agnes (Elf:1)
  Donald (Orc:2)
  Louise (Shoals:2)
  6 frost giants
  5 ghost moths
  7 fire giants
  3 iron dragons
  An orc warlord (Orc:1)
  12 vault wardens
  Aizul (Spider:1)
  6 emperor scorpions
  5 deep elf elementalists (Elf:3)
  7 deep elf sorcerers
  4 spriggan defenders (Depths:3)
  20 very ugly things
  13 stone giants
  12 ironheart preservers
  Nessos (Lair:4)
  2 vampire knights
  7 deep elf demonologists
  7 deep elf annihilators
  4 entropy weavers
  3 spark wasps
  A dire elephant (Gauntlet)
  A minotaur (Gauntlet)
  Snorg (D:12)
  8 deep elf death magi
  10 ettins
  Josephine (Orc:1)
  2 merfolk javelineers (Shoals:4)
  10 merfolk impalers
  7 yaktaur captains
  5 deep elf high priests
  8 great orbs of eyes
  6 fire dragons
  5 vault guards
  4 ice dragons
  5 boulder beetles
  7 hydras
  8 rakshasas
  The ghost of jlumianski the Thaumaturge, a journeyman GnWr of Qazlal (Orc:1)
  The ghost of jlumianski the Thaumaturge, a journeyman GnWr of Qazlal (D:9)
  3 spriggan air magi
  A death knight (Vaults:1)
  4 merfolk avatars
  2 catoblepae
  10 centaur warriors
  An anaconda (shapeshifter) (Depths:1)
  3 deep troll shamans
  7 ogre magi
  23 two-headed ogres
  4 death yaks
  2 deep troll earth magi (Vaults:3)
  A satyr (Shoals:3)
  A two-headed ogre (shapeshifter) (Elf:1)
  6 merfolk aquamancers (Shoals:4)
  7 dancing weapons
  A tengu warrior (D:15)
  2 spriggan berserkers (Depths:2)
  4 orc high priests
  3 vampire magi
  14 deep elf knights
  Sonja (Lair:5)
  A soul eater (Orc:2)
  5 skeletal warriors
  2 small abominations
  An iron troll (Depths:2)
  11 deep trolls
  A spark wasp zombie (D:15)
  An infernal demonspawn (Orc:2)
  7 unseen horrors
  A swamp dragon (Lair:6)
  A torturous demonspawn (Orc:2)
  3 flayed ghosts
  16 deep elf archers
  A harpy (shapeshifter) (Vaults:3)
  12 sea snakes
  2 lindwurms (Lair:6)
  A glowing orange brain (Depths:2)
  9 wizards
  6 harpies
  2 necromancers
  A wolf spider zombie (D:13)
  41 wolf spiders
  6 ironbrand convokers
  An orange crystal statue (Vaults:1)
  2 oklob plants (Lair:5)
  Pikel (D:3)
  13 orc knights
  A golden dragon skeleton (Depths:1)
  20 cyclopes
  12 orc sorcerers
  52 ugly things
  17 orb spiders
  11 manticores
  A moth of wrath (Shoals:4)
  12 merfolk sirens
  A fire giant zombie (D:15)
  10 fauns
  56 deep elf magi
  A worldbinder (Spider:1)
  5 black mambas
  A rust devil (Orc:2)
  17 vault sentinels
  9 torpor snails
  6 water nymphs
  A smoke demon (Orc:2)
  Maggie (Lair:2)
  12 elephants
  A gargoyle (D:10)
  An apocalypse crab (Spider:1)
  26 yaktaurs
  8 cane toads
  An efreet (D:13)
  A kobold demonologist (D:15)
  5 centaur skeletons
  4 freezing wraiths
  12 demonic crawlers
  8 rime drakes
  7 komodo dragons
  A spectral two-headed ogre (Orc:1)
  5 polar bears
  6 blink frogs
  29 merfolk
  6 wind drakes
  8 trolls
  40 jumping spiders
  Prince Ribbit (D:5)
  2 spriggan zombies
  3 tyrant leeches (Lair:6)
  2 spectral orcs (Orc:1)
  21 hornets
  Grinder (D:6)
  A deep troll zombie (Depths:1)
  2 raiju (Spider:1)
  19 slime creatures
  17 dream sheep
  An air elemental (Elf:2)
  A meliai zombie (D:12)
  4 snapping turtles
  A flying skull (Vaults:2)
  2 orc simulacra (Orc:1)
  41 tarantellas
  A vampire (D:14)
  2 spriggan skeletons
  2 shadows
  A redback (shapeshifter) (Depths:3)
  8 wraiths
  A ynoxinul (Orc:2)
  82 redbacks
  6 spriggans
  14 water elementals
  A tarantella (shapeshifter) (Depths:3)
  29 yaks
  4 wyverns
  5 basilisks
  4 fire elementals
  A chaos spawn (Orc:2)
  A steam dragon (Lair:6)
  A neqoxec (Orc:2)
  9 wargs
  Menkaure (D:5)
  3 vampire mosquitoes (D:14)
  3 acid dragons
  A large abomination (Spider:1)
  14 water moccasins
  A hornet zombie (D:8)
  3 swamp drakes
  3 black bears
  55 orc warriors
  3 ice beasts
  A phantom (D:8)
  A black bear (shapeshifter) (Vaults:1)
  2 sky beasts
  2 eyes of draining
  A necrophage (D:10)
  15 wolves
  14 boggarts
  An ogre (shapeshifter) (Vaults:2)
  21 ogres
  16 centaurs
  A lemure (D:4)
  Blork the orc (D:5)
  15 bullfrogs
  2 glowing shapeshifter simulacra
  6 earth elementals
  A wyvern skeleton (D:8)
  A cane toad simulacrum (Gauntlet)
  A spectral warg (Orc:1)
  A scorpion (D:10)
  A water moccasin skeleton (D:10)
  22 wights
  2 vampire bats (D:12)
  2 electric eels
  4 howler monkeys
  5 centaur zombies
  A bullfrog zombie (D:12)
  3 quasits
  5 hounds
  35 orc priests
  5 bullfrog skeletons
  5 jellies
  6 iguanas
  Ijyb (D:3)
  Natasha (D:4)
  16 orc wizards
  9 hell rats (Lair:1)
  10 worker ants
  A centaur simulacrum (Gauntlet)
  A hound skeleton (D:5)
  A worker ant zombie (D:11)
  7 gnolls
  16 adders
  An ogre simulacrum (Orc:1)
  12 river rats (Lair:1)
  4 ufetubi
  3 oozes
  An adder zombie (D:8)
  3 dart slugs
  5 worms
  4 leopard geckos
  123 orcs
  4 ball pythons
  6 giant cockroaches
  7 goblins
  14 hobgoblins
  3 jackals (D:6)
  7 quokkas
  18 bats
  4 frilled lizards
  A jackal skeleton (D:8)
  14 kobolds
  A quokka skeleton (D:4)
  18 rats
  A bush (Depths:1)
  A plant (Shoals:1)
1803 creatures vanquished.

Vanquished Creatures (collateral kills)
  A quicksilver dragon (Orc:1)
  An orc sorcerer (Orc:1)
  An orc warrior (Orc:1)
  An orc priest (Orc:1)
  4 orcs (Orc:1)
8 creatures vanquished.

Vanquished Creatures (others)
  A death yak (Shoals:4)
  A deep elf archer (Elf:2)
  A manticore (Shoals:3)
  An orb spider (Spider:2)
  50 bushes
  16 fungi
  91 plants
  4 withered plants (D:15)
165 creatures vanquished.

Grand Total: 1976 creatures vanquished

Notes
Turn   | Place    | Note
-------+----------+-------------------------------------------
     0 | D:1      | quackenbush666 the Demonspawn Gladiator began the quest for
                  | the Orb.
     0 | D:1      | Reached XP level 1. HP: 16/16 MP: 1/1
   190 | D:1      | Gained mutation: You are partially covered in slimy green
                  | scales. (AC +2) [demonic ancestry]
   190 | D:1      | Reached XP level 2. HP: 6/22 MP: 2/2
   911 | D:1      | Reached skill level 1 in Shields
   911 | D:1      | Reached XP level 3. HP: 26/27 MP: 3/3
  1669 | D:2      | Reached XP level 4. HP: 31/33 MP: 4/4
  2277 | D:2      | Found a shadowy altar of Dithmenos.
  2799 | D:3      | Noticed Ijyb
  2863 | D:3      | Killed Ijyb
  2864 | D:3      | Reached XP level 5. HP: 16/38 MP: 5/5
  3779 | D:3      | Noticed Sigmund
  3780 | D:3      | Noticed Sigmund
  3780 | D:3      | Sigmund changed into Sigmund the ball python
  3790 | D:3      | Killed Sigmund the ball python
  3903 | D:3      | Reached skill level 1 in Short Blades
  3917 | D:3      | Found a shimmering altar of Xom.
  4218 | D:4      | Found a staircase to the Ecumenical Temple.
  4228 | D:4      | Noticed a lemure
  4228 | D:4      | Noticed a lemure
  4235 | Temple   | Entered the Ecumenical Temple
  4327 | D:4      | Noticed Pikel
  4337 | D:4      | Killed a lemure
  4338 | D:4      | Noticed a lemure
  4338 | D:4      | Noticed a lemure
  4598 | D:3      | Killed Pikel
  4599 | D:3      | Reached skill level 5 in Short Blades
  4599 | D:3      | Gained mutation: You have sharp toenails. [demonic
                  | ancestry]
  4599 | D:3      | Reached XP level 6. HP: 23/44 MP: 6/6
  4599 | D:3      | Reached XP level 7. HP: 26/50 MP: 7/7
  5165 | D:4      | Noticed Natasha
  5176 | D:4      | Killed Natasha
  6066 | D:5      | Entered Level 5 of the Dungeon
  6127 | D:5      | Reached skill level 1 in Evocations
  6525 | D:5      | Found a hide-covered altar of Uskayaw.
  6610 | D:5      | Gained mutation: You have razor-sharp toenails. [demonic
                  | ancestry]
  6610 | D:5      | Reached XP level 8. HP: 40/56 MP: 8/8
  6932 | D:5      | Noticed Menkaure
  6941 | D:5      | Killed Menkaure
  7148 | D:5      | Noticed Blork the orc
  7159 | D:5      | Killed Blork the orc
  7257 | D:5      | Noticed Prince Ribbit
  7685 | D:6      | Reached skill level 5 in Dodging
  7708 | D:6      | Learned a level 1 spell: Apportation
  7755 | D:6      | Reached skill level 3 in Fighting
  7979 | D:6      | Found a transporter.
  7980 | D:6      | Noticed nothank2's ghost (novice DrIE)
  7992 | D:6      | Found a transporter.
  8184 | D:6      | Noticed Grinder
  8203 | D:6      | Killed Grinder
  8204 | D:6      | Reached XP level 9. HP: 64/64 MP: 9/9
  8236 | D:6      | Found an iron altar of Okawaru.
  8371 | D:5      | Killed Prince Ribbit
  8503 | D:5      | Reached skill level 4 in Fighting
  8828 | D:5      | Found a hazy altar of Hepliaklqana.
  9093 | D:4      | Found a basalt altar of Yredelemnul.
  9552 | D:7      | Found a blossoming altar of Fedhas.
  9767 | D:7      | Found a snail-covered altar of Cheibriados.
  9820 | D:7      | Reached skill level 5 in Fighting
 10120 | D:7      | Became a worshipper of Cheibriados the Contemplative
 10295 | D:8      | Found an opulent altar of Gozag.
 10312 | D:8      | Reached skill level 5 in Long Blades
 10428 | D:8      | Found a staircase to the Lair.
 10607 | D:8      | Killed an unseen horror
 10614 | D:8      | Reached skill level 6 in Fighting
 10614 | D:8      | Gained mutation: You are mostly covered in slimy green
                  | scales. (AC +3) [demonic ancestry]
 10614 | D:8      | Reached XP level 10. HP: 50/76 MP: 10/10
 10656 | D:8      | Reached skill level 1 in Invocations
 11122 | D:8      | Reached * piety under Cheibriados
 11166 | D:8      | Reached skill level 1 in Spellcasting
 11166 | D:8      | Reached skill level 1 in Translocations
 11898 | D:9      | Found a white marble altar of Elyvilon.
 11945 | D:9      | Killed an unseen horror
 12613 | D:9      | Found a runed translucent gate.
 12613 | D:9      | Found a runed translucent gate.
 12613 | D:9      | Found a runed translucent gate.
 12613 | D:9      | Noticed jlumianski's ghost (journeyman GnWr)
 12630 | D:9      | Found a roughly hewn altar of Beogh.
 12895 | D:9      | Identified a scroll of acquirement
 12896 | D:9      | Acquired 917 gold pieces
 12999 | D:9      | Killed jlumianski's ghost
 13000 | D:9      | Reached skill level 7 in Fighting
 13000 | D:9      | Reached skill level 5 in Invocations
 13066 | D:10     | Entered Level 10 of the Dungeon
 13083 | D:10     | Got a shadowed robe
 13164 | D:10     | Reached ** piety under Cheibriados
 13250 | D:10     | Identified the cursed +0 robe of the Soldier {rPois rF+
                  | rN+} (You found it on level 10 of the Dungeon)
 13474 | D:10     | Noticed a two-headed ogre
 13487 | D:10     | Killed a two-headed ogre
 13488 | D:10     | Gained mutation: You are completely covered in slimy green
                  | scales. (AC +4, rPois) [demonic ancestry]
 13488 | D:10     | Reached XP level 11. HP: 74/86 MP: 15/15
 13679 | D:10     | Reached skill level 8 in Fighting
 13679 | D:10     | Reached skill level 1 in Stealth
 13687 | D:10     | Noticed a two-headed ogre
 13700 | D:10     | Killed a two-headed ogre
 13983 | D:11     | Acquired 341 gold pieces
 14031 | D:11     | Found a gate leading to a gauntlet.
 14042 | Gauntlet | Entered a Gauntlet
 14042 | Gauntlet | Found a transporter.
 14042 | Gauntlet | Found a transporter.
 14054 | Gauntlet | Found a transporter.
 14072 | Gauntlet | Found a transporter.
 14072 | Gauntlet | Found a transporter.
 14074 | Gauntlet | Found a transporter.
 14074 | Gauntlet | Found a transporter.
 14075 | Gauntlet | Found a transporter.
 14087 | Gauntlet | Found a runed translucent door.
 14090 | Gauntlet | Found a transporter.
 14090 | Gauntlet | Noticed a dire elephant
 14101 | Gauntlet | Found a transporter.
 14101 | Gauntlet | Noticed a balrug
 14112 | Gauntlet | Noticed a death yak
 14114 | Gauntlet | Found a transporter.
 14114 | Gauntlet | Noticed a necromancer
 14115 | Gauntlet | Noticed a death yak
 14116 | Gauntlet | Noticed a death yak
 14116 | Gauntlet | Noticed a death yak
 14117 | Gauntlet | Noticed a death yak
 14118 | Gauntlet | Noticed a death yak
 14128 | Gauntlet | Found a transporter.
 14162 | Gauntlet | Found a transporter.
 14174 | Gauntlet | Found a transporter.
 14273 | Gauntlet | Reached *** piety under Cheibriados
 14443 | Gauntlet | Killed a dire elephant
 14581 | Gauntlet | Got a transparent helmet
 14592 | Gauntlet | Identified the cursed +0 helmet "Godi" {rElec Int+2} (You
                  | found it in a Gauntlet)
 14601 | Gauntlet | Gained mutation: Your flesh is heat resistant. (rF+)
                  | [potion of mutation]
 14601 | Gauntlet | Gained mutation: You expend magic power (3 MP) to
                  | strengthen your wands. [potion of mutation]
 14609 | Gauntlet | Identified the +4 ring mail of Hadjma {Str+4}
 14609 | Gauntlet | Noticed a minotaur
 14615 | Gauntlet | Killed a minotaur
 14636 | Gauntlet | Identified Sif Muna's Grimoire of Malediction
 14641 | Gauntlet | Learned a level 2 spell: Wereblood
 14761 | D:11     | Reached skill level 9 in Fighting
 14914 | D:11     | Found a staircase to the Orcish Mines.
 14937 | D:11     | Noticed a two-headed ogre
 14945 | D:11     | Killed a two-headed ogre
 15312 | D:11     | Acquired a manual of Necromancy
 15391 | D:11     | Reached skill level 5 in Shields
 15391 | D:11     | Reached XP level 12. HP: 95/95 MP: 18/18
 15455 | D:12     | Noticed Snorg
 15470 | D:12     | Killed Snorg
 15563 | D:12     | Found a radiant altar of Vehumet.
 15641 | D:12     | Reached **** piety under Cheibriados
 15936 | D:12     | Learned a level 6 spell: Statue Form
 16188 | D:13     | Found Owunoshi's Jewellery Emporium.
 16221 | D:13     | Bought the ring "Wus Duik" {Wiz rElec rC++ Slay+3} for 1185
                  | gold pieces
 16249 | D:13     | Reached skill level 1 in Transmutations
 16256 | D:13     | Noticed a two-headed ogre
 16258 | D:13     | Noticed a boulder beetle
 16263 | D:13     | Killed a two-headed ogre
 16264 | D:13     | Reached skill level 1 in Earth Magic
 16270 | D:13     | Killed a boulder beetle
 16498 | D:13     | Noticed a two-headed ogre
 16500 | D:13     | Noticed a two-headed ogre
 16509 | D:13     | Killed a two-headed ogre
 16510 | D:13     | Reached skill level 10 in Fighting
 16516 | D:13     | Killed a two-headed ogre
 16526 | D:13     | Found a gate to the Vaults.
 16532 | D:13     | Noticed an ogre mage
 16542 | D:13     | Killed an ogre mage
 16860 | D:14     | Reached ***** piety under Cheibriados
 17012 | D:14     | Noticed a rakshasa
 17033 | D:14     | Killed a rakshasa
 17164 | D:14     | Found a stormy altar of Qazlal.
 17346 | D:14     | Noticed a centaur warrior
 17352 | D:14     | Killed a centaur warrior
 17353 | D:14     | Reached XP level 13. HP: 98/103 MP: 19/19
 17612 | D:15     | Entered Level 15 of the Dungeon
 17633 | D:15     | Reached skill level 10 in Long Blades
 17939 | D:15     | Reached skill level 5 in Transmutations
 17999 | D:15     | Reached skill level 5 in Earth Magic
 18004 | D:15     | Found a staircase to the Depths.
 18807 | Orc:1    | Entered Level 1 of the Orcish Mines
 18836 | Orc:1    | Noticed an ettin
 18844 | Orc:1    | Killed an ettin
 18845 | Orc:1    | Reached skill level 5 in Spellcasting
 19006 | Orc:1    | Found Qafoc's Assorted Antiques.
 19064 | Orc:1    | Found a runed translucent gate.
 19064 | Orc:1    | Found a runed translucent gate.
 19064 | Orc:1    | Found a runed translucent gate.
 19075 | Orc:1    | Noticed jlumianski's ghost (journeyman GnWr)
 19117 | Orc:1    | Noticed Josephine
 19132 | Orc:1    | Killed Josephine
 19215 | Orc:1    | Found Guhiojes's Antique Armour Emporium.
 19368 | Orc:1    | Found Hinor's Weapon Shop.
 19444 | Orc:1    | Noticed an ettin
 19448 | Orc:1    | Killed an ettin
 19512 | Orc:1    | Reached XP level 14. HP: 106/110 MP: 18/22
 19614 | Orc:1    | Reached ****** piety under Cheibriados
 19876 | Orc:1    | Noticed a stone giant
 19890 | Orc:1    | Killed a stone giant
 19986 | Orc:1    | Found the +12 Vampire's Tooth {vamp}
 20036 | Orc:1    | Got a brightly glowing lapis lazuli ring
 20125 | Orc:1    | Noticed an orc warlord
 20397 | Orc:1    | Noticed an orc warlord
 20400 | Orc:1    | Noticed a quicksilver dragon
 20400 | Orc:1    | an orc warlord changed into a quicksilver dragon
 20404 | Orc:1    | Killed a quicksilver dragon
 20500 | Orc:1    | Killed an orc warlord
 21035 | Orc:1    | Killed jlumianski's ghost
 21071 | Orc:2    | Entered Level 2 of the Orcish Mines
 21071 | Orc:2    | Noticed Rupert
 21071 | Orc:2    | Noticed a stone giant
 21074 | Orc:2    | Paralysed by Rupert for 4 turns
 21082 | Orc:1    | Killed a stone giant
 21145 | Orc:1    | Killed Rupert
 21253 | Orc:2    | Found Gomaqi's Gadget Emporium.
 21279 | Orc:2    | Noticed Donald
 21290 | Orc:2    | Found a staircase to the Elven Halls.
 21342 | Orc:2    | Killed Donald
 21348 | Orc:2    | Identified the ring of Setzav {+Fly Will+ Int+3 Stlth+}
                  | (You found it on level 1 of the Orcish Mines)
 21621 | Orc:2    | Found Zemewuiw's Armour Emporium.
 21644 | Orc:2    | Bought a +2 helmet of see invisible for 279 gold pieces
 21710 | Orc:2    | Found Sestreugg's General Store.
 21711 | Orc:2    | Found Puluychi's Magic Scroll Emporium.
 21901 | Orc:2    | Bought a scroll of acquirement for 884 gold pieces
 21901 | Orc:2    | Bought a scroll of identify for 34 gold pieces
 21901 | Orc:2    | Bought a scroll of identify for 34 gold pieces
 21901 | Orc:2    | Bought a scroll of blinking for 127 gold pieces
 21901 | Orc:2    | Bought a scroll of teleportation for 51 gold pieces
 21901 | Orc:2    | Bought 3 scrolls of identify for 102 gold pieces
 21901 | Orc:2    | Acquired the +1 pair of gloves of Circular Logic {rN+ rCorr
                  | Dex+7 SInv}
 22062 | Orc:2    | Gained mutation: You are partially covered in sharp spines.
                  | [demonic ancestry]
 22062 | Orc:2    | Reached XP level 15. HP: 115/115 MP: 20/25
 22118 | Orc:2    | Paralysed by an orc sorcerer for 3 turns
 22122 | Orc:2    | Found Ysixy's Gadget Shop.
 22122 | Orc:2    | Found Kenoutol's Antique Armour Boutique.
 22123 | Orc:2    | Found a one-way gate leading to the halls of Pandemonium.
 22127 | Orc:2    | Bought a masterwork leather armour for 217 gold pieces
 22127 | Orc:2    | Bought a crude leather armour for 217 gold pieces
 22127 | Orc:2    | Identified the +1 leather armour of Compassion {rElec rC-
                  | Str+10} (You bought it in a shop on level 2 of the Orcish
                  | Mines)
 22128 | Orc:2    | Identified the +3 leather armour of Pan-Flutes {rN+ Regen+
                  | Int+2} (You bought it in a shop on level 2 of the Orcish
                  | Mines)
 22585 | Lair:1   | Entered Level 1 of the Lair of Beasts
 23782 | Lair:2   | Got a slimy wooden ring
 23783 | Lair:2   | Identified the ring of Vunomuabapn {rF+ rC+ Dex+6} (You
                  | found it on level 2 of the Lair of Beasts)
 23964 | Lair:2   | Reached skill level 5 in Throwing
 23966 | Lair:2   | Reached skill level 10 in Shields
 24146 | Lair:2   | Noticed Maggie
 24152 | Lair:2   | Killed Maggie
 24583 | Lair:2   | Found a staircase to the Shoals.
 24846 | Lair:3   | Found a hole to the Spider Nest.
 25491 | Lair:4   | Noticed Nessos
 25499 | Lair:4   | Killed Nessos
 26162 | Lair:4   | Acquired a book of Annihilations
 26220 | Lair:5   | Noticed Sonja
 26227 | Lair:5   | Killed Sonja
 26263 | Lair:5   | Found a staircase to the Slime Pits.
 27066 | Lair:6   | Entered Level 6 of the Lair of Beasts
 27509 | Lair:6   | Reached XP level 16. HP: 101/122 MP: 26/26
 27904 | Lair:6   | Found a runed translucent door.
 28477 | Spider:1 | Entered Level 1 of the Spider Nest
 28740 | Spider:1 | Found a transporter.
 28759 | Spider:1 | Noticed a profane servitor
 28762 | Spider:1 | Found a one-way gate to the infinite horrors of the Abyss.
 28762 | Spider:1 | Noticed Zosacw's ghost (adept HaHu)
 29033 | Spider:1 | Noticed Jorgrun
 29060 | Spider:1 | Killed Jorgrun
 29224 | Spider:1 | Noticed Aizul
 29232 | Spider:1 | Killed Aizul
 29491 | Spider:1 | Found a transporter.
 29718 | Spider:1 | Killed a profane servitor
 29736 | Spider:1 | Killed Zosacw's ghost
 29955 | Spider:2 | Noticed Arachne
 29973 | Spider:2 | Killed Arachne
 30654 | Spider:3 | Reached XP level 17. HP: 128/128 MP: 22/27
 30689 | Spider:3 | Reached skill level 15 in Long Blades
 31660 | Spider:4 | Entered Level 4 of the Spider Nest
 32783 | Spider:4 | Reached skill level 15 in Shields
 33011 | Spider:4 | Got a gossamer rune of Zot
 33279 | Spider:1 | Got Lugonu's Collected Works on the Voyage
 33617 | Elf:1    | Entered Level 1 of the Elven Halls
 33662 | Elf:1    | Gained mutation: You are immune to miasma. [demonic
                  | ancestry]
 33662 | Elf:1    | Reached XP level 18. HP: 134/134 MP: 24/30
 33871 | Elf:1    | Identified the Grimoire of Combat Magic and Summoning
 33878 | Elf:1    | Reached skill level 10 in Transmutations
 33926 | Elf:1    | Noticed Agnes
 33965 | Elf:1    | Found Xorghab's Assorted Antiques.
 33974 | Elf:1    | Killed Agnes
 33986 | Elf:1    | Bought a scroll of acquirement for 1560 gold pieces
 33986 | Elf:1    | Acquired the +0 kite shield of Wu Jian's Pride {+Blink +Fly
                  | Will+ Int-3}
 34894 | Elf:2    | Found a runed translucent gate.
 34894 | Elf:2    | Found a runed translucent gate.
 34904 | Elf:2    | Found a runed translucent gate.
 35024 | Elf:3    | Entered Level 3 of the Elven Halls
 35119 | Elf:3    | Reached skill level 10 in Spellcasting
 35176 | Elf:3    | Reached skill level 5 in Evocations
 35179 | Elf:3    | Reached skill level 10 in Invocations
 35180 | Elf:3    | Gained mutation: You are mostly covered in sharp spines.
                  | [demonic ancestry]
 35180 | Elf:3    | Reached XP level 19. HP: 91/142 MP: 9/33
 35384 | Elf:3    | Identified the ring "Jousmaz" {rN+ Int+6 SInv}
 35512 | Elf:3    | Learned a level 2 spell: Blink
 35519 | Elf:3    | Identified the Papyrus of Mutagenic Evil Secrets
 35772 | Elf:3    | Found Duxkok's Antique Weapon Shoppe.
 35840 | Elf:3    | Found an ancient bone altar of Kikubaaqudgha.
 35950 | Elf:3    | Reached skill level 11 in Fighting
 36192 | Vaults:1 | Entered Level 1 of the Vaults
 36441 | Vaults:1 | You fall into a shaft and drop 1 floor!
 38244 | Vaults:2 | Found a staircase to the Crypt.
 39327 | Vaults:3 | Identified the Disquisition on the Arsonist and the Birds
 39423 | Vaults:3 | Reached XP level 20. HP: 152/152 MP: 35/35
 39443 | Vaults:3 | Reached skill level 12 in Fighting
 39893 | Vaults:3 | Noticed Sojobo
 39904 | Vaults:3 | Killed Sojobo
 40207 | Vaults:3 | Found Nusitec's Book Shoppe.
 40306 | Vaults:3 | Reached skill level 13 in Fighting
 40362 | Vaults:3 | Reached skill level 10 in Dodging
 41250 | Vaults:4 | Found a gateway to a bazaar.
 41811 | Bazaar   | Entered a bazaar
 41814 | Bazaar   | Found Qitoqos's Gadget Shop.
 41827 | Bazaar   | Found Cigiox's General Store.
 41832 | Bazaar   | Bought a scroll of teleportation for 21 gold pieces
 41832 | Bazaar   | Bought a scroll of enchant weapon for 52 gold pieces
 41952 | Bazaar   | Found Juudeph's Magic Scroll Shop.
 41952 | Bazaar   | Found Akkojoac's Antique Weapon Boutique.
 41958 | Bazaar   | Bought a scroll of identify for 20 gold pieces
 41958 | Bazaar   | Bought a scroll of identify for 20 gold pieces
 41958 | Bazaar   | Bought a scroll of magic mapping for 35 gold pieces
 41958 | Bazaar   | Bought a scroll of blinking for 75 gold pieces
 41958 | Bazaar   | Bought a scroll of teleportation for 30 gold pieces
 41958 | Bazaar   | Bought a scroll of enchant weapon for 75 gold pieces
 42124 | Vaults:4 | Learned a level 9 spell: Shatter
 42363 | Depths:1 | Entered Level 1 of the Depths
 42380 | Depths:1 | Found Sahec's Weapon Shop.
 42497 | Depths:1 | Gained mutation: You may emit foul miasma when damaged in
                  | melee. [demonic ancestry]
 42497 | Depths:1 | Reached XP level 21. HP: 164/164 MP: 37/37
 42720 | Depths:1 | Noticed Nikola
 42727 | Depths:1 | Noticed Asterion
 42731 | Depths:1 | Killed Nikola
 42734 | Depths:1 | Killed Asterion
 42790 | Depths:1 | Reached skill level 14 in Fighting
 42944 | Depths:1 | Found a gateway to Hell.
 43040 | Depths:1 | Found a runed translucent door.
 43175 | Depths:1 | Found a roughly hewn altar of Beogh.
 43344 | Depths:2 | Reached skill level 10 in Earth Magic
 43892 | Depths:2 | Reached skill level 15 in Fighting
 44258 | Depths:2 | Found a portal to a secret trove of treasure.
 44368 | Trove    | Entered a treasure trove
 44371 | Trove    | Found the +8 orange crystal plate armour {Archmagi, Int+3
                  | Clar}
 44384 | Trove    | Identified the +3 helmet of Cowardice {rN+} (You found it
                  | in a treasure trove)
 44389 | Trove    | Identified the +0 cloak "Nayru" {rElec} (You found it in a
                  | treasure trove)
 44393 | Trove    | Identified the +0 pair of boots of Bespelled Brilliance
                  | {Str+4} (You found it in a treasure trove)
 44396 | Trove    | Identified the +1 leather armour "Suexutt" {Harm *Corrode
                  | rPois rN+} (You found it in a treasure trove)
 44400 | Trove    | Identified the +7 plate armour "Luiwu" {*Slow +Blink Will+
                  | Str+5} (You found it in a treasure trove)
 44406 | Trove    | Identified the +1 robe of Peek-a-Boo {*Contam Rampage
                  | Regen+ Dex+4} (You found it in a treasure trove)
 44408 | Trove    | Identified the cursed +1 scale mail of Vus Gadi {Harm} (You
                  | found it in a treasure trove)
 44649 | Shoals:1 | Entered Level 1 of the Shoals
 44851 | Shoals:1 | Noticed Frances
 44864 | Shoals:1 | Killed Frances
 45032 | Shoals:1 | Found a large runed translucent door.
 45032 | Shoals:1 | Found a large runed translucent door.
 45034 | Shoals:1 | Noticed porpoise's ghost (adept HaWn)
 45098 | Shoals:1 | Killed porpoise's ghost
 45403 | Shoals:2 | Gained mutation: Your magical and physical power is
                  | slightly enhanced at high health. [demonic ancestry]
 45403 | Shoals:2 | Reached XP level 22. HP: 175/175 MP: 38/38
 45493 | Shoals:2 | Noticed Louise
 45523 | Shoals:2 | Killed Louise
 46004 | Shoals:3 | Found Tuew's Antique Weapon Shop.
 46504 | Shoals:4 | Entered Level 4 of the Shoals
 46880 | Shoals:4 | Noticed Polyphemus
 46901 | Shoals:4 | Killed Polyphemus
 47132 | Shoals:4 | Identified the Papyrus of the Last Moons
 47262 | Shoals:4 | Found a transporter.
 47263 | Shoals:4 | Identified the +5 trident "Jimod" {vorpal, Will+ Dex+3}
 47269 | Shoals:4 | Noticed SpoonFarmer's ghost (adept MiFi)
 47310 | Shoals:4 | Found a transporter.
 47318 | Shoals:4 | Found a bloodstained altar of Trog.
 47318 | Shoals:4 | Identified the +7 demon trident "Iwaffam" {antimagic, rPois
                  | Str-3 Stlth+}
 47341 | Shoals:4 | Killed SpoonFarmer's ghost
 47573 | Shoals:4 | Identified the +10 glaive of Responsibility {holy, rF++
                  | Dex+4 Stlth+}
 47694 | Shoals:4 | Reached skill level 16 in Fighting
 47711 | Shoals:4 | Got a barnacled rune of Zot
 48611 | Depths:3 | Noticed the Enchantress
 48623 | Depths:3 | Killed the Enchantress
 48890 | Depths:3 | Paralysed by a floating eye for 3 turns
 48891 | Depths:3 | HP: 10/234 [fire giant/+0 great sword of flaming (5)]
 48891 | Depths:3 | HP: 4/234 [fire dragon/blast of flame (6)]
 48891 | Depths:3 | Slain by a stone giant

Illustrated notes

Levels and vault maps discovered:
D:1:      dpeg_arrival_arbitrary_b, layout_basic, chequers_decorated_corner
D:2:      minmay_chambers_of_ones, layout_rooms,
          nicolae_dithmenos_shadow_blocks, kennysheep_another_room
D:3:      layout_basic, tgw_xom, chequers_serial_rivers_large_b,
          minmay_box_of_dots, uniq_sigmund, uniq_ijyb
D:4:      layout_basic, nicolae_overflow_hidden_temple,
          minmay_temple_entry_large_hall, uniq_natasha, uniq_pikel
D:5:      layout_cave_pods, marbit_many_paths, lemuel_doored_altar,
          uniq_prince_ribbit1, uniq_blork_the_orc, uniq_menkaure
D:6:      layout_cave_pools, lemuel_round_altar, gammafunk_ghost_arena,
          uniq_grinder
D:7:      layout_loops_ring, kennysheep_mini, nicolae_overflow_crystal_walls,
          minmay_crystal_water, minivault_25
D:8:      minmay_blocky_corners, layout_gridville, grunt_gozag_statues,
          dpeg_oklobed_lair
D:9:      layout_loops_ring, kennysheep_little_box, biasface_ghost_orc_armoury
D:10:     layout_irregular_city, kennysheep_generic_room_10
D:11:     layout_roguey, orc_0_dummy, gauntlet_entry_generic, roderic_lattice_a
D:12:     layout_rooms, basic_altar, roderic_batcave, uniq_snorg
D:13:     layout_roguey, david_vaults_2, serial_shops, nicolae_shop_crystal
D:14:     layout_long_grid, kennysheep_pointless_box, grunt_qazlal_clouds
D:15:     gammafunk_depths_entry_grave, layout_irregular_city
Temple:   nicolae_temple_hex_pool
Lair:1:   lemuel_ratsnest, layout_loops_ring, chequers_serial_rivers_room_a,
          st_stairs_3, minivault_24, grunt_megastairs_4,
          infiniplex_staircase_pool_2
Lair:2:   layout_gridlike, minmay_shoals_entry_hut, minmay_lair_oklob_chamber,
          uniq_maggie
Lair:3:   layout_misc_corridors, spider_nest_entry_funnel_web
Lair:4:   layout_roguey, beast_lair_carwin_4, uniq_nessos
Lair:5:   layout_regular_city, minmay_slime_entry_oklob_open,
          nzn_sisyphean_effort, uniq_sonja
Lair:6:   wormcave, layout_long_grid, guppyfry_lair_end_dragon,
          minmay_lair_drake_nest, grunt_megastairs_3
Shoals:1: layout_shoals, ebering_ghost_disaster_area, uniq_frances
Shoals:2: layout_shoals, uniq_louise
Shoals:3: layout_shoals, serial_shops, shop
Shoals:4: shoals_end_grunt_ice, layout_shoals,
          gammafunk_ghost_wrathful_warriors, uniq_polyphemus
Spider:1: layout_spider_delve, gammafunk_ghost_abyssal_escape, uniq_aizul,
          uniq_jorgrun
Spider:2: layout_spider_delve, uniq_arachne
Spider:3: layout_spider_delve, nicolae_spider_stair_cavern
Spider:4: grunt_spider_rune_parallel
Orc:1:    giant_chief_lemuel, layout_diamond_mine, serial_shops,
          nicolae_shop_statue_plus, shop, shop_coins,
          gammafunk_ghost_necromancy, minmay_orc_treasury, uniq_josephine
Orc:2:    pf_orc_diabolical, layout_caves, serial_shops, shop_fountains,
          nicolae_shop_stone, uniq_donald, uniq_rupert
Elf:1:    minmay_elf_arrival_summoners, layout_gridlike, serial_shops, shop,
          minmay_elf_sorcery, uniq_agnes
Elf:2:    layout_geoelf_grid
Elf:3:    elf_hall, layout_gridlike, serial_shops, shop, basic_altar
Vaults:1: v_misc_25, nicolae_vaults_statue_guard, vaults_mumra_hexcomb,
          ontoclasm_vaults_eye, hangedman_vaults_maws, hangedman_vaults_corner,
          vaults_dpeg_diagonal, nicolae_vaults_mini_display_case,
          nicolae_vaults_little_squares_1, v_misc_1, ontoclasm_vaults_ligature,
          nicolae_vaults_little_squares_4, v_misc_25,
          vaults_room_stairs_pillars, vaults_room_stairs_pillars,
          vaults_dpeg_hooks, layout_vaults_omnibox
Vaults:2: nicolae_vaults_little_squares_3, vaults_mumra_chevron_long,
          nicolae_vaults_network_periphery, minmay_crypt_entry_simple_round,
          vaults_dpeg_encased_lava, grunt_vaults_funnel, v_rooms_4,
          nicolae_vaults_network_square, nicolae_vaults_border_crossing,
          ontoclasm_vaults_shuriken, layout_vaults_quadrants
Vaults:3: st_squares, nicolae_vaults_asterisk, nicolae_vaults_angled_halls,
          nicolae_vaults_windows_and_doors_thing, nicolae_vaults_rhombus_5,
          v_pattern_5, serial_ice_m, v_misc_8, ontoclasm_vaults_gateway,
          v_rooms_4, nicolae_vaults_stairing_the_circle, v_rooms_5, v_misc_12,
          ontoclasm_vaults_fault, ontoclasm_vaults_twist, v_misc_24,
          layout_vaults_maze, serial_shops, shop, uniq_sojobo
Vaults:4: nicolae_vaults_network_quinsquares
          [nicolae_vaults_network_quincunx_subvault,
          nicolae_vaults_network_quincunx_subvault,
          nicolae_vaults_network_quincunx_subvault,
          nicolae_vaults_network_quincunx_subvault], vaults_room_corners,
          hangedman_vaults_maws, v_rooms_1, hangedman_vaults_stitches,
          v_misc_25, v_misc_24, nicolae_vaults_theta, v_misc_19,
          nicolae_vaults_theta, serial_ice_b, ontoclasm_vaults_loading_screen,
          vaults_room_pool, nicolae_vaults_ring_of_whatevers,
          vaults_room_stairs_pillars, layout_vaults_omnicross, serial_shops,
          bzr_entry_safe
Depths:1: layout_roguey, serial_shops, shop, minmay_misc_feat_rows, abyss_entry,
          hell_entry, minmay_hedge_maze, drop_trap, glass_columns_a,
          lightli_church_of_beogh, uniq_nikola, uniq_asterion
Depths:2: hangedman_cross_cluster, layout_basic, minmay_strange_pillars,
          hell_entry, nicolae_trove_entry_columns
Depths:3: minmay_the_grid_square_5x5_5x5_mashed
          [minmay_the_grid_square_5x5_shuriken,
          minmay_the_grid_square_5x5_seven,
          minmay_the_grid_square_5x5_tetrominoes,
          minmay_the_grid_square_5x5_six, minmay_the_grid_square_5x5_percent,
          minmay_the_grid_square_5x5_inset,
          minmay_the_grid_square_5x5_prize_pseudospiral,
          minmay_the_grid_square_5x5_spiral_small,
          minmay_the_grid_square_5x5_prize_gold,
          minmay_the_grid_square_5x5_lines,
          minmay_the_grid_square_5x5_three_small,
          minmay_the_grid_square_5x5_pentomino_r,
          minmay_the_grid_square_5x5_prize_junk,
          minmay_the_grid_square_5x5_minimal,
          minmay_the_grid_square_5x5_half_checkered,
          minmay_the_grid_square_5x5_bite,
          minmay_the_grid_square_5x5_prize_deathbox,
          minmay_the_grid_square_5x5_two_small,
          minmay_the_grid_square_5x5_prize_snowflake,
          minmay_the_grid_square_5x5_plus, minmay_the_grid_square_5x5_six_small,
          minmay_the_grid_square_5x5_trominoes,
          minmay_the_grid_square_5x5_slash, minmay_the_grid_square_5x5_empty,
          minmay_the_grid_square_5x5_c], layout_cave_pools,
          rand_demon_pan_entry_4, hangedman_abyss_or_decor_stagger,
          pf_coc_iceberg, minmay_room_of_horrors, uniq_enchantress, uniq_margery

Skill      XL: |  1  2  3  4  5  6  7  8  9 10 11 12 13 14 15 16 17 18 19 20 21 22 |
---------------+-------------------------------------------------------------------+-----
Long Blades    | 3 5 7 8 9 10 11 13 14 15 | 15.5
Dodging        | 3 4 5 7 8 10 12 14 | 14.0
Shields        | 1 2 3 4 5 7 8 9 11 13 15 | 15.0
Short Blades   | 5 6 7 |  7.0
Evocations     | 2 3 5 7 9 |  9.0
Fighting       | 3 6 7 9 10 11 13 15 16 | 16.6
Invocations    | 6 8 10 11 12 | 12.0
Spellcasting   | 2 3 5 7 8 10 11 12 | 12.0
Translocations | 2 |  2.0
Stealth        | 3 |  3.4
Transmutations | 4 6 7 8 9 11 | 11.0
Earth Magic    | 4 6 7 8 9 11 12 | 12.9
Throwing       | 4 5 6 8 |  8.0

Action                   |  1- 3 |  4- 6 |  7- 9 | 10-12 | 13-15 | 16-18 | 19-21 | 22-24 || total
-------------------------+-------+-------+-------+-------+-------+-------+-------+-------++-------
Melee: Long sword        |   105 |    87 |    30 |       |       |       |       |       ||   222
       Unarmed           |       |    10 |     2 |       |       |       |       |       ||    12
       Dagger            |       |   114 |   180 |    47 |     7 |       |       |       ||   348
       Kick              |       |       |    96 |   291 |   424 |   414 |   693 |   173 ||  2091
       Falchion          |       |       |   120 |   451 |       |       |       |       ||   571
       Scimitar          |       |       |       |    90 |   342 |       |       |       ||   432
       Double sword      |       |       |       |       |   387 |   677 |  1127 |   126 ||  2317
       Demon blade       |       |       |       |       |       |       |       |   226 ||   226
Throw: Throwing net      |       |     3 |       |     1 |       |       |       |       ||     4
       Dart              |       |     2 |     3 |    12 |     7 |    25 |       |     6 ||    55
       Javelin           |       |       |     2 |    10 |     5 |     8 |    23 |       ||    48
 Cast: Apportation       |       |       |       |     2 |     3 |       |       |     1 ||     6
       Statue Form       |       |       |       |       |    57 |    48 |    39 |    20 ||   164
Invok: Bend Time         |       |       |       |     4 |     1 |       |       |       ||     5
       Slouch            |       |       |       |       |     6 |    16 |     2 |     5 ||    29
 Abil: Evoke Flight      |       |     1 |       |       |     1 |       |       |     1 ||     3
       End Transformatio |       |       |       |       |     2 |       |       |       ||     2
Evoke: Wand              |       |     1 |    13 |     8 |    15 |     2 |       |       ||    39
       Box of beasts     |       |       |       |     2 |     1 |       |       |       ||     3
       Phantom mirror    |       |       |       |     2 |     1 |       |       |       ||     3
       Tin of tremorston |       |       |       |       |     2 |     7 |     2 |     5 ||    16
  Use: Scroll            |     1 |     1 |     9 |    12 |    16 |     9 |    21 |     4 ||    73
       Potion            |       |     1 |     2 |    12 |     4 |     5 |     1 |       ||    25
 Stab: Sleeping          |       |     1 |     1 |    14 |    12 |     8 |    16 |     5 ||    57
       Held in net/web   |       |       |       |     1 |       |       |       |       ||     1
       Invisible         |       |       |       |     2 |     2 |       |       |       ||     4
       Distracted        |       |       |       |       |     3 |     7 |     3 |     1 ||    14
       Petrified         |       |       |       |       |       |       |       |     3 ||     3
Armor: Leather armour    |    41 |    54 |    81 |    18 |    31 |    42 |    49 |    14 ||   330
       Skin              |       |     2 |     9 |    39 |   199 |   296 |   165 |   124 ||   834
       Troll leather arm |       |       |       |    75 |    41 |       |       |       ||   116
Dodge: Dodged            |    98 |   114 |   234 |   277 |   550 |   594 |   569 |   340 ||  2776
       Repelled          |       |       |       |     3 |     7 |    10 |     8 |     5 ||    33
Block: Buckler           |       |    24 |    49 |   276 |   596 |   256 |       |       ||  1201
       Reflection        |       |       |       |    14 |    22 |    35 |   114 |    38 ||   223
       Kite shield       |       |       |       |       |       |   703 |  1159 |   493 ||  2355
       Rpst.: Long sword |    36 |    19 |    17 |       |       |       |       |       ||    72
       Falchion          |       |       |    25 |    54 |       |       |       |       ||    79
       Scimitar          |       |       |       |    11 |    51 |       |       |       ||    62
       Double sword      |       |       |       |       |    67 |   119 |   127 |    13 ||   326
       Demon blade       |       |       |       |       |       |       |       |    36 ||    36
